 Dungeon Crawl Stone Soup version 0.31-a0-1068-g5939ac1fb6 (webtiles) character file.

Game seed: 3913302021031506231

527 Chiseanne the Cleaver (level 7, -16/52 HPs)
             Began as a Demonspawn Wanderer on Nov 24, 2023.
             Demolished by an ogre
             ... wielding a +0 giant spiked club
              (19 damage)
             ... on level 4 of the Dungeon.
             The game lasted 00:04:30 (2828 turns).

Chiseanne the Cleaver (Demonspawn Wanderer)         Turns: 2828, Time: 00:04:31

Health: -16/52     AC:  9    Str: 15    XL:     7   Next: 3%
Magic:  7/7        EV: 11    Int: 11    God:
Gold:   157        SH:  0    Dex: 14    Spells: 6/6 levels left

rFire   . . .        a - +3 hand axe (heavy)
rCold   . . .        (no shield)
rNeg    . . .        d - +0 scale mail
rPois   .            n - +0 helmet
rElec   .            (no cloak)
rCorr   .            b - +1 pair of gloves
SInv    .            (no boots)
Will    .....        (no amulet)
Stlth   +            (no ring)
HPRegen 0.28/turn    (no ring)
MPRegen 0.10/turn

%: no passive effects
@: studying Axes
A: repulsion field 1, foul stench 1, spiny 1
a: no special abilities


You were on level 4 of the Dungeon.
You visited 1 branch of the dungeon, and saw 4 of its levels.

You collected 157 gold pieces.

Inventory:

Hand Weapons
 a - a +3 heavy hand axe (weapon)
Missiles
 e - 20 stones
 h - 4 curare-tipped darts
 i - 14 poisoned darts
 l - 10 boomerangs (quivered)
Armour
 b - a +1 pair of gloves (worn)
 d - a +0 scale mail (worn)
 n - a +0 helmet (worn)
Wands
 f - a wand of light (8)
 k - a wand of charming (4)
Scrolls
 m - a scroll of enchant armour
 o - a scroll of revelation {unknown}
 p - a scroll of vulnerability
 q - a scroll of poison {unknown}
Potions
 c - 2 potions of heal wounds
 g - 2 potions of curing
 j - 2 potions of degeneration {unknown}


   Skills:
 - Level 3.4 Fighting
 + Level 9.7 Axes
 - Level 1.1 Armour
 - Level 1.0 Dodging
 - Level 2.6 Stealth


You had 6 spell levels left.
You didn't know any spells.
Your spell library contained the following spells:

 Spells                   Type           Power      Damage    Failure   Level
 Freeze                   Ice            0%         1d3       82%         1
 Cigotuvi's Dreadful Rot  Necr/Pois/Air  0%         N/A       91%         2
 Hailstorm                Conj/Ice       0%         3d3       99%         3


Dungeon Overview and Level Annotations

Branches:
Dungeon (4/15)
 Temple: D:4-7

Altars:
Cheibriados
Wu Jian


Innate Abilities, Weirdness & Mutations

You are surrounded by a mild repulsion field. (EV +2)
You may rarely emit foul miasma when damaged in melee.
You are partially covered in sharp spines.


Message History

The hobgoblin shouts!
The hobgoblin hits you but does no damage.
You slash the hobgoblin!
You kill the hobgoblin!
A hobgoblin comes into view.
The hobgoblin shouts!
You hit the hobgoblin.
The hobgoblin is moderately wounded.
The hobgoblin is struck by your spines.
You kill the hobgoblin!
A quokka comes into view.
You see here a hobgoblin corpse.
A goblin comes into view. It is wielding a +0 club.
You barely miss the quokka. The quokka is struck by your spines.
You kill the quokka!
The goblin closely misses you.
You barely miss the goblin. The goblin hits you with a +0 club.
You barely miss the goblin. The goblin barely misses you.
You slice the goblin!!
You kill the goblin!
You see here a +0 club.
You now have 157 gold pieces (gained 14).
An ogre comes into view. It is wielding a +0 giant spiked club.
The ogre shouts!
The ogre moves out of view.
You hit the ogre.
The ogre is lightly wounded.
The ogre barely misses you.
You barely miss the ogre.
The ogre is lightly wounded.
The ogre hits you with a +0 giant spiked club!!
Ouch! That really hurt!
You hit the ogre.
The ogre is heavily wounded.
The ogre hits you with a +0 giant spiked club!!
* * * LOW HITPOINT WARNING * * *
You hit the ogre.
The ogre is heavily wounded.
The ogre hits you with a +0 giant spiked club!!
You die...

########.#
.........#
...#####.# #
###.##### ###
.#.#.......# #..
......#.###.# #.#
..........# # #.#
..........#.#####
#.#
..#.#....@O......
#.#
........###.#####
#.# #####.... .#
#.. ###.# # ##.
#+# #. #. #. #.
#.


You could see an ogre.

Vanquished Creatures
  Sigmund (D:3)
  A steam dragon (D:4)
  A hound (D:4)
  An orc priest (D:3)
  2 jellies (D:4)
  Robin (D:3)
  An adder (D:2)
  2 worms
  2 dart slugs
  3 orcs (D:3)
  4 endoplasms
  7 giant cockroaches
  9 goblins
  11 hobgoblins
  8 jackals
  4 kobolds
  A quokka (D:4)
  8 ball pythons
  5 bats
  3 frilled lizards (D:1)
  2 rats (D:1)
77 creatures vanquished.

Notes
Turn   | Place    | Note
-------+----------+-------------------------------------------
     0 | D:1      | Chiseanne the Demonspawn Wanderer began the quest for the
                  | Orb.
     0 | D:1      | Chiseanne set off with the following items: a +3 hand axe,
                  | a +0 pair of gloves, a potion of heal wounds, a +0 leather
                  | armour.
     0 | D:1      | Reached XP level 1. HP: 18/18 MP: 1/1
   178 | D:1      | Gained mutation: You may rarely emit foul miasma when
                  | damaged in melee. [demonic ancestry]
   178 | D:1      | Reached XP level 2. HP: 24/24 MP: 2/2
   296 | D:1      | Reached skill level 1 in Armour
   327 | D:1      | Reached skill level 1 in Dodging
   587 | D:1      | Identified a scroll of acquirement
   587 | D:1      | Acquired a manual of Axes
   622 | D:2      | Found an ornate altar of the Wu Jian Council.
   763 | D:2      | Found a faded altar of an unknown god.
   807 | D:2      | Gained mutation: You are partially covered in sharp spines.
                  | [demonic ancestry]
   807 | D:2      | Reached XP level 3. HP: 28/29 MP: 3/3
   840 | D:2      | Reached skill level 4 in Axes
  1578 | D:3      | Reached skill level 5 in Axes
  1578 | D:3      | Reached XP level 4. HP: 23/35 MP: 4/4
  1758 | D:3      | Got Sif Muna's Commentary on Boreal Vitiation
  1812 | D:3      | Noticed Sigmund
  1817 | D:3      | Killed Sigmund
  1818 | D:3      | Reached skill level 7 in Axes
  1818 | D:3      | Reached XP level 5. HP: 25/41 MP: 5/5
  1818 | D:3      | Reached XP level 6. HP: 29/47 MP: 6/6
  2056 | D:3      | Noticed Robin
  2063 | D:3      | Killed Robin
  2064 | D:3      | Reached skill level 8 in Axes
  2086 | D:3      | Found a snail-covered altar of Cheibriados.
  2367 | D:4      | Noticed a steam dragon
  2375 | D:4      | Killed a steam dragon
  2376 | D:4      | Reached skill level 9 in Axes
  2593 | D:4      | Gained mutation: You are surrounded by a mild repulsion
                  | field. (EV +2) [demonic ancestry]
  2593 | D:4      | Reached XP level 7. HP: 51/52 MP: 7/7
  2828 | D:4      | Demolished by an ogre

Illustrated notes

Levels and vault maps discovered:
D:1:      matt_arrival_los_fun, layout_basic
D:2:      layout_loops_ring, basic_altar, chequers_ecumenical_altar_island,
          st_stairs_6, grunt_decor_fettered, uniq_crazy_yiuf_cottage
D:3:      layout_rooms, slow_altar_2, uniq_sigmund, uniq_robin
D:4:      layout_loops_corners

Skill      XL: |  1  2  3  4  5  6 |
---------------+-------------------+-----
Armour         | 1 |  1.1
Dodging        | 1 |  1.0
Axes           | 5 7 9 |  9.7
Fighting       | |  3.4
Stealth        | |  2.6

Action                     |  1- 3 |  4- 6 |  7- 9 || total
---------------------------+-------+-------+-------++-------
  Melee: Hand axe          |    81 |    43 |    14 ||   138
  Throw: Boomerang         |       |     4 |       ||     4
    Use: Scroll            |     6 |     2 |       ||     8
   Stab: Sleeping          |     4 |       |       ||     4
 Armour: Leather armour    |    36 |       |       ||    36
         Chain mail        |    17 |     5 |       ||    22
         Scale mail        |       |    33 |     7 ||    40
  Dodge: Dodged            |    45 |    17 |     4 ||    66

Table legend: (Time is in decaauts)
 A = Elapsed time spent in this place.
 B = Non-inter-level travel time spent in this place.
 C = Inter-level travel time spent in this place.
 D = Time resting spent in this place.
 E = Time spent auto-exploring this place.
 F = Levels seen in this place.
 G = Mean time per level.
                   A        B        C        D        E       F      G
               +--------+--------+--------+--------+--------+-----+--------+
         Total |   2879 |   2796 |     83 |    167 |   2149 |   4 |  719.8 |
       Dungeon |   2879 |   2796 |     83 |    167 |   2149 |   4 |  719.8 |
               +--------+--------+--------+--------+--------+-----+--------+

Top non-repeatable levels by time:
     D:2: 982 daAuts
     D:3: 650 daAuts
     D:4: 645 daAuts
     D:1: 601 daAuts
